TOP OF THE 1ST |
Seattle Rocketeers batting - Pitching for Las Vegas Flamingos : RHP Alain Arnaud
|
Pitching: RHP Alain Arnaud
|
|
Batting: SHB Lodd Felton
|
0-0: Ball 1-0: Foul Ball, location: 2F 1-1: Foul Ball, location: 2F 1-2: Ball 2-2: Foul Ball, location: 2F 2-2: Ground out 4-3 (Groundball, 34, EV 80.0 MPH)
|
Batting: LHB Manoo Satyavrat
|
0-0: Ball 1-0: Called Strike 1-1: Foul Ball, location: 2F 1-2: Foul Ball, location: 2F 1-2: Ball 2-2: Foul Ball, location: 2F 2-2: Ball 3-2: Fly out, F8 (Flyball, 8LM, EV 80.6 MPH)
|
Batting: RHB Mathew Mayo
|
0-0: Called Strike 0-1: Foul Ball, location: 2F 0-2: Ball 1-2: Ball 2-2: Foul Ball, location: 2F 2-2: SINGLE (Groundball, 6, EV 103.8 MPH) (infield hit)
|
Batting: RHB Alain Grosjean
|
0-0: Ball 1-0: Called Strike 1-1: Ball 2-1: Ball 3-1: Ground out 4-3 (Groundball, 4, EV 100.0 MPH)
|
Top of the 1st over - 0 runs, 1 hit, 0 errors, 1 left on base; Seattle 0 - Las Vegas 0 |
BOTTOM OF THE 1ST |
Las Vegas Flamingos batting - Pitching for Seattle Rocketeers : LHP Tim Tate
|
Pitching: LHP Tim Tate
|
|
Batting: RHB Sake van Arem
|
0-0: Ball 1-0: Ball 2-0: Swinging Strike 2-1: Called Strike 2-2: Foul Ball, location: 2F 2-2: Ball 3-2: SINGLE (Line Drive, 6MD, EV 95.0 MPH)
|
Batting: RHB Eric Deweese
|
0-0: Ball 1-0: Grounds into double play, 6-4-3 (Groundball, 6, EV 91.9 MPH)
|
Batting: RHB Esteban León
|
0-0: Fly out, F9 (Flyball, 9LS, EV 89.4 MPH)
|
Bottom of the 1st over - 0 runs, 1 hit, 0 errors, 0 left on base; Seattle 0 - Las Vegas 0 |
TOP OF THE 2ND |
Seattle Rocketeers batting - Pitching for Las Vegas Flamingos : RHP Alain Arnaud
|
Batting: LHB Carlos Gabriel
|
0-0: Called Strike 0-1: Foul Ball, location: 2F 0-2: Ball 1-2: Ball 2-2: Foul Ball, location: 2F 2-2: Fly out, F9 (Flyball, 9, EV 79.4 MPH)
|
Batting: SHB Charles Geudre
|
0-0: Ball 1-0: Called Strike 1-1: Ground out 3-1 (Groundball, 34S, EV 82.5 MPH)
|
Batting: RHB Jur Prokop
|
0-0: Called Strike 0-1: Ball 1-1: Ball 2-1: Ball 3-1: Foul Ball, location: 2F 3-2: Ground out 6-3 (Groundball, 6, EV 90.0 MPH)
|
Top of the 2nd over - 0 runs, 0 hits, 0 errors, 0 left on base; Seattle 0 - Las Vegas 0 |
BOTTOM OF THE 2ND |
Las Vegas Flamingos batting - Pitching for Seattle Rocketeers : LHP Tim Tate
|
Batting: LHB Chan-ho Shinn
|
0-0: Ball 1-0: SINGLE (Groundball, 34, EV 105.6 MPH) (infield hit)
|
Batting: LHB Adrián Gómez
|
0-0: Ball 1-0: Swinging Strike 1-1: Ball 2-1: Fly out, F8 (Flyball, 89M, EV 88.8 MPH)
|
Batting: LHB Lewis N. Clark
|
0-0: Ball 1-0: Foul Ball, location: 2F 1-1: Fly out, F8 (Line Drive, 8RD, EV 110.6 MPH)
|
Batting: LHB Dirk Horwedel
|
0-0: Ball 1-0: Swinging Strike 1-1: Ground out 1-3 (Groundball, 34S, EV 70.0 MPH)
|
Bottom of the 2nd over - 0 runs, 1 hit, 0 errors, 1 left on base; Seattle 0 - Las Vegas 0 |
TOP OF THE 3RD |
Seattle Rocketeers batting - Pitching for Las Vegas Flamingos : RHP Alain Arnaud
|
Batting: RHB Axel Ruschmeyer
|
0-0: Called Strike 0-1: SINGLE (Line Drive, 6D, EV 108.8 MPH)
|
Batting: RHB Yakamochi Ota
|
0-0: Ball 1-0: Grounds into double play, 4-6-3 (Groundball, 4, EV 81.9 MPH)
|
Batting: SHB Lodd Felton
|
0-0: Called Strike 0-1: Foul Ball, location: 2F 0-2: DOUBLE (Flyball, 8LD, EV 99.4 MPH)
|
Batting: LHB Manoo Satyavrat
|
0-0: Ball 1-0: Ball 2-0: 2-RUN HOME RUN (Flyball, 9D, EV 90.6 MPH), Distance : 388 ft
|
Batting: RHB Mathew Mayo
|
0-0: Foul Ball, location: 2F 0-1: Foul Ball, location: 2F 0-2: Fly out, F9 (Flyball, 89S, EV 89.4 MPH)
|
Top of the 3rd over - 2 runs, 3 hits, 0 errors, 0 left on base; Seattle 2 - Las Vegas 0 |
BOTTOM OF THE 3RD |
Las Vegas Flamingos batting - Pitching for Seattle Rocketeers : LHP Tim Tate
|
Batting: LHB Owen Sharts
|
0-0: Foul Ball, location: 2F 0-1: Ball 1-1: SINGLE (Line Drive, 4MD, EV 95.0 MPH)
|
Batting: LHB Cisco Hernández
|
0-0: Ball Owen Sharts is caught stealing 2nd base 2-6 1-0: Fly out, F7 (Flyball, 7D, EV 90.0 MPH)
|
Batting: RHB Sake van Arem
|
0-0: Ball 1-0: Called Strike 1-1: SINGLE (Line Drive, 78S, EV 105.0 MPH)
|
Batting: RHB Eric Deweese
|
0-0: Ball 1-0: Fly out, F8 (Line Drive, 8LD, EV 96.2 MPH)
|
Bottom of the 3rd over - 0 runs, 2 hits, 0 errors, 1 left on base; Seattle 2 - Las Vegas 0 |
TOP OF THE 4TH |
Seattle Rocketeers batting - Pitching for Las Vegas Flamingos : RHP Alain Arnaud
|
Batting: RHB Alain Grosjean
|
0-0: Called Strike 0-1: Ground out 6-3 (Groundball, 6, EV 81.2 MPH)
|
Batting: LHB Carlos Gabriel
|
0-0: Called Strike 0-1: Ground out U3 (Groundball, 34, EV 78.8 MPH)
|
Batting: SHB Charles Geudre
|
0-0: Called Strike 0-1: Ball 1-1: Ball 2-1: Swinging Strike 2-2: Strikes out looking
|
Top of the 4th over - 0 runs, 0 hits, 0 errors, 0 left on base; Seattle 2 - Las Vegas 0 |
BOTTOM OF THE 4TH |
Las Vegas Flamingos batting - Pitching for Seattle Rocketeers : LHP Tim Tate
|
Batting: RHB Esteban León
|
0-0: Swinging Strike 0-1: Foul Ball, location: 2F 0-2: Ball 1-2: Ball 2-2: Ball 3-2: Base on Balls
|
Batting: LHB Chan-ho Shinn
|
0-0: Fielders Choice at 2nd, 4-6 (Groundball, 4, EV 78.1 MPH)
|
Batting: LHB Adrián Gómez
|
0-0: Swinging Strike 0-1: Called Strike 0-2: 2-RUN HOME RUN (Flyball, 7D, EV 93.1 MPH), Distance : 382 ft
|
Batting: LHB Lewis N. Clark
|
0-0: Foul Ball, location: 2F 0-1: Ball 1-1: Ball 2-1: Called Strike 2-2: Foul Ball, location: 2F 2-2: Ground out 1-3 (Groundball, P, EV 65.6 MPH)
|
Batting: LHB Dirk Horwedel
|
0-0: Fly out, F5 (Popup, 5SF, EV 84.4 MPH)
|
Bottom of the 4th over - 2 runs, 1 hit, 0 errors, 0 left on base; Seattle 2 - Las Vegas 2 |
TOP OF THE 5TH |
Seattle Rocketeers batting - Pitching for Las Vegas Flamingos : RHP Alain Arnaud
|
Batting: RHB Jur Prokop
|
0-0: Ball 1-0: Swinging Strike 1-1: Ball 2-1: Ground out 1-3 (Groundball, 25, EV 58.8 MPH)
|
Batting: RHB Axel Ruschmeyer
|
0-0: SINGLE (Line Drive, 89S, EV 103.1 MPH)
|
Batting: RHB Yakamochi Ota
|
0-0: Ball Wild Pitch! Axel Ruschmeyer to second 1-0: Ball 2-0: Ball 3-0: Called Strike 3-1: Fly out, F9 (Line Drive, 9D, EV 97.5 MPH) Runner from 2nd tags up, SAFE at 3rd, no throw by RF
|
Batting: SHB Lodd Felton
|
0-0: Foul Ball, location: 2F 0-1: Ball 1-1: Foul Ball, location: 2F 1-2: Foul Ball, location: 2F 1-2: SINGLE (Groundball, 3D, EV 95.6 MPH) Axel Ruschmeyer scores
|
Batting: LHB Manoo Satyavrat
|
0-0: Ball 1-0: SINGLE (Groundball, 3, EV 105.0 MPH) (infield hit) Lodd Felton to second
|
Batting: RHB Mathew Mayo
|
0-0: Swinging Strike 0-1: Ball 1-1: Fly out, F8 (Flyball, 8LS, EV 85.0 MPH)
|
Top of the 5th over - 1 run, 3 hits, 0 errors, 2 left on base; Seattle 3 - Las Vegas 2 |
BOTTOM OF THE 5TH |
Las Vegas Flamingos batting - Pitching for Seattle Rocketeers : LHP Tim Tate
|
Batting: LHB Owen Sharts
|
0-0: Ball 1-0: Ball 2-0: Swinging Strike 2-1: Called Strike 2-2: Strikes out swinging
|
Batting: LHB Cisco Hernández
|
0-0: Ground out 5-3 (Groundball, 5, EV 79.4 MPH)
|
Batting: RHB Sake van Arem
|
0-0: Foul Ball, location: 2F 0-1: Foul Ball, location: 2F 0-2: DOUBLE (Flyball, 78D, EV 111.2 MPH)
|
Batting: RHB Eric Deweese
|
0-0: Ball 1-0: Ball 2-0: Ball 3-0: Called Strike 3-1: 2-RUN HOME RUN (Flyball, 7LD, EV 98.1 MPH), Distance : 339 ft
|
Batting: RHB Esteban León
|
0-0: Swinging Strike 0-1: Ball 1-1: Foul Ball, location: 2F 1-2: Ground out 5-3 (Groundball, 5, EV 89.4 MPH)
|
Bottom of the 5th over - 2 runs, 2 hits, 0 errors, 0 left on base; Seattle 3 - Las Vegas 4 |
TOP OF THE 6TH |
Seattle Rocketeers batting - Pitching for Las Vegas Flamingos : RHP Alain Arnaud
|
Batting: RHB Alain Grosjean
|
0-0: Called Strike 0-1: Fly out, F8 (Flyball, 8RM, EV 91.2 MPH)
|
Batting: LHB Carlos Gabriel
|
0-0: Ground out U3 (Groundball, 3, EV 94.4 MPH)
|
Batting: SHB Charles Geudre
|
0-0: SINGLE (Flyball, 7S, EV 90.0 MPH)
|
Batting: RHB Jur Prokop
|
0-0: Ball 1-0: Fielders Choice at 2nd, 5-4 (Groundball, 56, EV 86.9 MPH)
|
Top of the 6th over - 0 runs, 1 hit, 0 errors, 1 left on base; Seattle 3 - Las Vegas 4 |
BOTTOM OF THE 6TH |
Las Vegas Flamingos batting - Pitching for Seattle Rocketeers : LHP Tim Tate
|
Batting: LHB Chan-ho Shinn
|
0-0: Reached on error, E3 (Groundball, 3L, EV 90.6 MPH)
|
Batting: LHB Adrián Gómez
|
0-0: SINGLE (Line Drive, 78M, EV 98.8 MPH) Chan-ho Shinn to second
|
Batting: LHB Lewis N. Clark
|
0-0: Called Strike 0-1: Bunt missed! 0-2: Ball 1-2: Ball 2-2: Foul Ball, location: 2F 2-2: Ball 3-2: Base on Balls Chan-ho Shinn to third Adrián Gómez to second
|
Batting: LHB Dirk Horwedel
|
0-0: Called Strike 0-1: Fly out, F8 (Flyball, 8LS, EV 76.9 MPH)
|
Batting: LHB Owen Sharts
|
0-0: Ball 1-0: Ball 2-0: Swinging Strike 2-1: Grounds into fielders choice 6-2 (Groundball, 6, EV 102.5 MPH) Adrián Gómez to third Lewis N. Clark to second
|
Batting: LHB Cisco Hernández
|
0-0: Ball 1-0: Fielders Choice at 2nd, 6-4 (Groundball, 6, EV 86.9 MPH)
|
Bottom of the 6th over - 0 runs, 1 hit, 1 error, 3 left on base; Seattle 3 - Las Vegas 4 |
TOP OF THE 7TH |
Seattle Rocketeers batting - Pitching for Las Vegas Flamingos : RHP Alain Arnaud
|
Batting: RHB Axel Ruschmeyer
|
0-0: Ball 1-0: Ground out 6-3 (Groundball, 6, EV 80.6 MPH)
|
Batting: RHB Yakamochi Ota
|
0-0: Called Strike 0-1: Ball 1-1: Called Strike 1-2: Ground out U3 (Groundball, 34S, EV 83.1 MPH)
|
Batting: SHB Lodd Felton
|
0-0: Called Strike 0-1: Foul Ball, location: 2F 0-2: Fly out, F9 (Flyball, 9S, EV 91.2 MPH)
|
Top of the 7th over - 0 runs, 0 hits, 0 errors, 0 left on base; Seattle 3 - Las Vegas 4 |
BOTTOM OF THE 7TH |
Las Vegas Flamingos batting - Pitching for Seattle Rocketeers : LHP Tim Tate
|
Batting: RHB Sake van Arem
|
0-0: Called Strike 0-1: Ball 1-1: Called Strike 1-2: Ball 2-2: SINGLE (Groundball, 56D, EV 106.2 MPH)
|
Batting: RHB Eric Deweese
|
0-0: Ball 1-0: 2-RUN HOME RUN (Line Drive, 7D, EV 102.5 MPH), Distance : 381 ft
|
Pitching: RHP Eugenio Piñeiro
|
|
Batting: RHB Esteban León
|
0-0: Fly out, F8 (Flyball, 8LS, EV 85.0 MPH)
|
Batting: LHB Chan-ho Shinn
|
0-0: Ball 1-0: Swinging Strike 1-1: Ball 2-1: Foul Ball, location: 2F 2-2: Foul Ball, location: 2F 2-2: Foul Ball, location: 2F 2-2: Ball 3-2: Hit by Pitch
|
Batting: LHB Adrián Gómez
|
0-0: Ball 1-0: Called Strike 1-1: Ball 2-1: Ball 3-1: Called Strike 3-2: Foul Ball, location: 2F 3-2: Fly out, F4 (Popup, 4, EV 57.5 MPH)
|
Batting: LHB Lewis N. Clark
|
0-0: 2-RUN HOME RUN (Flyball, 9D, EV 105.6 MPH), Distance : 391 ft
|
Batting: LHB Dirk Horwedel
|
0-0: Ball 1-0: Called Strike 1-1: SINGLE (Groundball, 4MD, EV 104.4 MPH)
|
Batting: LHB Owen Sharts
|
0-0: Ball 1-0: Called Strike 1-1: Foul Ball, location: 2F 1-2: Fly out, F8 (Flyball, 8LM, EV 83.8 MPH)
|
Bottom of the 7th over - 4 runs, 4 hits, 0 errors, 1 left on base; Seattle 3 - Las Vegas 8 |
TOP OF THE 8TH |
Seattle Rocketeers batting - Pitching for Las Vegas Flamingos : RHP Alain Arnaud
|
Batting: LHB Manoo Satyavrat
|
0-0: Ball 1-0: Ball 2-0: Called Strike 2-1: Ball 3-1: Foul Ball, location: 2F 3-2: Foul Ball, location: 2F 3-2: Base on Balls
|
Pitching: RHP Marcos Oquendo
|
|
Batting: RHB Mathew Mayo
|
0-0: Ball 1-0: 2-RUN HOME RUN (Flyball, 9D, EV 100.0 MPH), Distance : 379 ft
|
Batting: RHB Alain Grosjean
|
0-0: Called Strike 0-1: Ball 1-1: Ball 2-1: Ball 3-1: Base on Balls
|
Batting: LHB Carlos Gabriel
|
0-0: Grounds into double play, 4-6-3 (Groundball, 4, EV 96.9 MPH)
|
Batting: SHB Charles Geudre
|
0-0: Called Strike 0-1: Fly out, F9 (Flyball, 9, EV 90.6 MPH)
|
Top of the 8th over - 2 runs, 1 hit, 0 errors, 0 left on base; Seattle 5 - Las Vegas 8 |
BOTTOM OF THE 8TH |
Las Vegas Flamingos batting - Pitching for Seattle Rocketeers : RHP Eugenio Piñeiro
|
Batting: LHB Cisco Hernández
|
0-0: Called Strike 0-1: Foul Ball, location: 2F 0-2: Ball 1-2: Strikes out swinging
|
Batting: RHB Sake van Arem
|
0-0: Swinging Strike 0-1: Ball 1-1: Swinging Strike 1-2: Ground out U3 (Groundball, 34S, EV 69.4 MPH)
|
Batting: RHB Eric Deweese
|
0-0: Ball 1-0: Swinging Strike 1-1: Swinging Strike 1-2: Strikes out looking
|
Bottom of the 8th over - 0 runs, 0 hits, 0 errors, 0 left on base; Seattle 5 - Las Vegas 8 |
TOP OF THE 9TH |
Seattle Rocketeers batting - Pitching for Las Vegas Flamingos : RHP Marcos Oquendo
|
Pitching: LHP Takejiro Masuda
|
|
Batting: RHB Jur Prokop
|
0-0: Ball 1-0: Ball 2-0: Ball 3-0: Base on Balls
|
Batting: RHB Axel Ruschmeyer
|
0-0: Ball 1-0: Called Strike 1-1: Fly out, F4 (Line Drive, 4, EV 61.9 MPH)
|
Batting: RHB Yakamochi Ota
|
Balk! Jur Prokop to second 0-0: Ball 1-0: Foul Ball, location: 2F 1-1: Ball 2-1: Fly out, F7 (Flyball, 7LSF, EV 90.6 MPH)
|
Batting: SHB Lodd Felton
|
0-0: Ball 1-0: Called Strike 1-1: Ball 2-1: Swinging Strike 2-2: Strikes out swinging
|
Top of the 9th over - 0 runs, 0 hits, 0 errors, 1 left on base; Seattle 5 - Las Vegas 8 |
|